 Dungeon Crawl Stone Soup version 0.32-a0-558-g233958a4c4 (webtiles) character file.

Game seed: 8303903626863127664

139079 Implojin the Spry (level 17, -11/115 HPs)
             Began as a Coglin Brigand on Feb 29, 2024.
             Was the Champion of Hepliaklqana.
             Killed from afar by an ice statue (39 damage)
             ... with a shard of ice
             ... on level 2 of the Snake Pit.
             The game lasted 01:15:34 (35534 turns).

Implojin the Spry (Coglin Brigand)                 Turns: 35534, Time: 01:15:34

Health: -11/115    AC: 19    Str: 12    XL:     17   Next: 27%
Magic:  23/23      EV: 21    Int: 12    God:    Hepliaklqana [******]
Gold:   535        SH:  0    Dex: 22    Spells: 16/16 levels left

rFire   + . .        N - +8 pair of quick blades "Gyre" and "Gimble" {protect}
rCold   . . .        (shield currently unavailable)
rNeg    . . .        y - +3 ring mail
rPois   +            C - +1 helmet
rElec   .            c - +2 cloak
rCorr   +            T - +0 pair of gloves
SInv    .            r - +0 pair of boots
Will    +....        (amulet unavailable)
Stlth   ++++         (ring unavailable)
HPRegen 0.39/turn    (ring unavailable)
MPRegen 0.18/turn    U - tuning turbine {Gadgeteer, rPois rF+ rCorr}

%: no passive effects
@: no status effects
A: reduced essence, off-hand wielding, slow wielding, warmup strikes, no jewelry
a: Renounce Religion, Recall Ancestor, Ancestor Identity, Transference, Idealise


You were on level 2 of the Snake Pit.
You worshipped Hepliaklqana.
Hepliaklqana was exalted by your worship.
You visited 4 branches of the dungeon, and saw 24 of its levels.
You visited the Abyss 1 time.
You also visited: Ossuary.

You collected 2623 gold pieces.
You spent 2088 gold pieces at shops.

Inventory:

Hand Weapons
 a - a +0 scimitar of protection
 x - a +7 rapier of distortion {Tiedemann}
 A - a +3 short sword of venom {Matsuko}
 D - a +6 dagger of pain
 N - the +8 pair of quick blades "Gyre" and "Gimble" (weapon) {protect}
   (You bought it in a shop on level 2 of the Orcish Mines)
Missiles
 d - 21 poisoned darts
 e - 4 curare-tipped darts
 f - 20 boomerangs
 w - 2 throwing nets (quivered)
 P - 13 javelins
Armour
 c - a +2 cloak (worn)
 r - a +0 pair of boots (worn)
 u - a +0 ring mail of cold resistance
 y - a +3 ring mail (worn)
 C - a +1 helmet (worn)
 J - a +0 troll leather armour
 L - a scarf of repulsion
 R - a +1 robe of willpower
 T - a +0 pair of gloves (worn)
 V - a +1 ring mail of fire resistance
Gizmo
 U - a tuning turbine (installed) {Gadgeteer, rPois rF+ rCorr}
   (You invented it yourself on level 4 of the Lair of Beasts)

   [tuning turbine]

   Gadgeteer: Your evocable items recharge 30% faster and wands have a 30%
   chance to not spend a charge.
   rF+:       It protects you from fire.
   rPois:     It protects you from poison rCorr: It protects you from acid and
   corrosion.
Wands
 h - a wand of flame (67)
 m - a wand of warping (4)
 n - a wand of digging (2)
 o - a wand of light (6)
 B - a wand of polymorph (3)
 Q - a wand of mindburst (1)
 S - a wand of paralysis (24)
Scrolls
 b - a scroll of brand weapon
 i - 5 scrolls of fog
 k - 5 scrolls of teleportation
 q - 3 scrolls of poison
 t - 2 scrolls of vulnerability
 v - 2 scrolls of silence
 F - a scroll of blinking
 G - 9 scrolls of revelation
 O - 6 scrolls of immolation
 W - a scroll of summoning
Potions
 g - 3 potions of curing
 j - 3 potions of attraction
 l - a potion of resistance {unknown}
 p - 4 potions of enlightenment
 s - 3 potions of heal wounds
 z - 4 potions of berserk rage
 H - 2 potions of mutation
 I - 3 potions of might


   Skills:
 - Level 10.0 Fighting
 - Level 14.0 Short Blades
 - Level 3.0 Throwing
 - Level 10.0 Armour
 * Level 15.7 Dodging
 - Level 11.0 Stealth
 - Level 8.0 Invocations
 - Level 7.0 Evocations


You had 16 spell levels left.
You didn't know any spells.
Your spell library contained the following spells:

 Spells                   Type           Power      Damage    Failure   Level
 Apportation              Tloc           0%         N/A       54%         1
 Magic Dart               Conj           0%         1d3       54%         1
 Necrotise                Necr           0%         1d4       54%         1
 Ensorcelled Hibernation  Hex/Ice        0%         N/A       67%         2
 Jinxbite                 Hex            0%         N/A       67%         2
 Sublimation of Blood     Necr           0%         N/A       67%         2
 Fugue of the Fallen      Necr           0%         N/A       88%         3
 Ozocubu's Armour         Ice            0%         N/A       88%         3
 Summon Ice Beast         Ice/Summ       0%         N/A       88%         3
 Tukima's Dance           Hex            0%         N/A       88%         3
 Vampiric Draining        Necr           0%         2d6       88%         3
 Anguish                  Hex/Necr       0%         N/A       99%         4
 Animate Armour           Summ/Erth      0%         N/A       99%         4
 Brom's Barrelling Bould  Conj/Erth      0%         2d3       99%         4
 Dimensional Bullseye     Hex/Tloc       0%         N/A       99%         4
 Iskenderun's Mystic Bla  Conj/Tloc      0%         2d3       99%         4
 Leda's Liquefaction      Alch/Erth      0%         N/A       99%         4
 Martyr's Knell           Necr/Summ      0%         N/A       99%         4
 Petrify                  Alch/Erth      0%         N/A       99%         4
 Summon Lightning Spire   Summ/Air       0%         N/A       99%         4
 Alistair's Intoxication  Alch           0%         N/A       100%        5
 Curse of Agony           Necr           0%         N/A       100%        5
 Fireball                 Conj/Fire      0%         3d3       100%        5
 Irradiate                Conj/Alch      0%         3d11      100%        5
 Iskenderun's Battlesphe  Conj           0%         2d6       100%        5
 Lee's Rapid Deconstruct  Erth           0%         3d4*      100%        5
 Metabolic Englaciation   Hex/Ice        0%         N/A       100%        5
 Summon Mana Viper        Hex/Summ       0%         N/A       100%        5
 Yara's Violent Unravell  Hex/Alch       0%         3d3       100%        5
 Bombard                  Conj/Erth      0%         9d1       100%        6
 Conjure Ball Lightning   Conj/Air       0%         3x3d6     100%        6
 Sculpt Simulacrum        Ice/Alch       0%         N/A       100%        6
 Enfeeble                 Hex            0%         N/A       100%        7
 Monstrous Menagerie      Summ           0%         N/A       100%        7
 Orb of Destruction       Conj           0%         9d5       100%        7
 Ozocubu's Refrigeration  Ice            0%         4d7       100%        7
 Spellforged Servitor     Conj/Summ      0%         N/A       100%        7


Dungeon Overview and Level Annotations

Branches:
Dungeon (15/15) Temple (0/1) D:4 Lair (5/5) D:9 Shoals (0/4) Lair:2 Snake (2/4) Lair:3 Slime (0/5) Lair:4 Orc (2/2) D:10 Elf (0/3) Orc:2 Vaults (0/5) D:12 D:13 Depths (0/4) D:15 Ossuary (visited)

Altars:
Gozag
Hepliaklqana
Kikubaaqudgha
Makhleb
Nemelex Xobeh
Okawaru
Vehumet
Wu Jian
Xom
Yredelemnul
Beogh

Shops:
D:2 :   Orc:1 *   Orc:2 (?[:   Snake:2 ==:

Annotations:
D:4 Natasha
Snake:2 exclusion: ice statue
Abyss:1 Pokonic1's ghost, journeyman DrSh


Innate Abilities, Weirdness & Mutations

Your life essence is reduced to manifest your ancestor. (-10% HP)
You can wield a second weapon in your off-hand.
It takes a long time for you to wield or remove held weapons.
Your first few attacks do less damage.
You cannot equip rings or amulets.


Message History

There is an entrance to Wadd's Jewellery Shoppe here.
There is an empty arch of ancient stone here.
Found a stone staircase leading up.
You hear the crackling of a very distant melting archway.
You now have 535 gold pieces (gained 20).
Really walk into a travel-excluded area? [Y]es or [N]o only, please.
Really walk into a travel-excluded area?
Okay, then.
Really walk into a travel-excluded area?
The ice statue gestures.
C r a b points at the ice beast and mumbles some strange words.
The ice beast resists with significant effort.
The ice beast closely misses you.
You hit the ice beast.
Your weapon exudes an aura of protection.
You puncture the ice beast! You barely miss the ice beast.
You puncture the ice beast!
The ice beast is severely wounded.
C r a b hits the ice beast with a +0 dagger of draining!
The ice beast dies!
The ice beast disappears in a puff of smoke!
Really walk into a travel-excluded area?
Okay, then.
Really walk into a travel-excluded area?
The ice statue glitters chillingly in the dim dungeon light.
The ice statue gestures.
The ice statue gestures at you. The freezing blast misses you.
You are engulfed in freezing vapours.
C r a b is engulfed in freezing vapours.
The ice statue gestures at you. The bolt of cold hits you!!
The ice beast hits you but does no damage.
Danger: Low HP Warning |T3| Reason: 24% HP (28/115) C r a b is engulfed in freezing vapours.
The ice statue gestures at you. The shard of ice hits you!!!
You die...
Hepliaklqana delivers you to your ancestors.

...#..#####.....##..,..###..)).##
.............#...#######.###†###.
.....>.......#...........##...##.
.[.......................#.....#.
..................§......#⌠.<.⌠##
..#.........>..☼○○......S#.....##
....##.....##.#☼○Y...#...##.⌠.###
..####...##....☼☼R........#######
..# #....<.....@I...#####.......
#.# ######..................###.
### ###.........####...###. ♣
#.......#...N..#..##. ♣♣
*#.#..##.#...,,,*,,*** P♣*****
***..##.#,.#,..,,,,,,,,, .♣*,,,*
*,..#*#..,##,,,,,,,,,,,,
P♣***,****.##**##.,*,,,,,,,*,**,,
♣♣*,,,,,,,,* *,,,,,,,,,,,,,,,**,*


You could see the friendly c r a b the hexer, an ice statue (ally target) and an
ice beast (summoned).

Vanquished Creatures
  A tentacled monstrosity (Abyss:2)
  Jorgrun (Orc:2)
  Agnes (D:15)
  Nessos (D:12)
  A dire elephant (Lair:5)
  The ghost of Denfromweb the Skirmisher, a journeyman DgHu (D:13)
  An ettin (D:15)
  8 hydras
  Erica (D:9)
  Erolcha (D:10)
  2 two-headed ogres (D:12)
  4 anacondas
  A catoblepas (Lair:4)
  A death yak (Lair:5)
  8 centaur warriors
  6 boulder beetles
  2 tengu warriors (D:15)
  An occultist (D:15)
  2 naga warriors (Snake:1)
  A shock serpent (Snake:1)
  A thrashing horror (Abyss:2)
  3 hell hogs (Abyss:2)
  A demonic crawler (Abyss:2)
  2 naga sharpshooters (Snake:2)
  Nergalle (D:11)
  A spectral anaconda (Lair:5)
  A mana viper (shapeshifter) (Abyss:2)
  5 mana vipers
  5 skeletal warriors (D:12)
  2 skysharks (Lair:4)
  5 orc knights
  A naga ritualist (Snake:1)
  2 necromancers (Lair:5)
  Pikel (D:5)
  3 deep elf pyromancers
  An orc sorcerer (Orc:2)
  Maurice (D:7)
  A moth of wrath (Lair:4)
  A salamander (shapeshifter) (D:9)
  7 cyclopes
  3 kobold blastminers
  8 ugly things
  11 elephants
  A salamander (Snake:2)
  10 black mambas
  4 naga magi
  2 large abominations (Abyss:2)
  A yaktaur (D:13)
  9 cane toads
  10 komodo dragons
  4 rime drakes
  A freezing wraith (D:15)
  A tengu conjurer (D:15)
  An ice devil (Abyss:2)
  3 polar bears
  A troll (D:9)
  3 merfolk (Lair:2)
  6 dream sheep (Lair:5)
  Grinder (D:8)
  9 hornets
  8 slime creatures
  17 blink frogs
  38 yaks
  A centaur simulacrum (D:13)
  A vampire (D:13)
  2 shadows
  12 wyverns
  Eustachio (D:4)
  A golden eye (Abyss:2)
  9 basilisks
  2 wargs
  12 humans
  2 steam dragons (D:8)
  2 death yak simulacra (Lair:5)
  Grum (D:11)
  8 nagas
  Menkaure (D:5)
  Edmund (D:4)
  2 vampire mosquitoes (D:14)
  A spectral cane toad (Lair:5)
  An acid dragon (D:9)
  Duvessa (D:4)
  19 water moccasins
  42 orc warriors
  A black bear (D:7)
  5 laughing skulls
  2 ogres
  An elephant zombie (Lair:5)
  13 wolves
  21 centaurs
  2 elephant skeletons (Lair:5)
  4 lemures (D:5)
  A kobold brigand (D:7)
  7 bullfrogs
  An elf zombie (D:5)
  2 gnoll sergeants
  2 cane toad simulacra (Lair:5)
  2 small abominations (Abyss:2)
  4 scorpions
  2 elf skeletons (D:5)
  A burial acolyte (D:7)
  9 wights (D:8)
  A hexer (Lair:5)
  Dowan (D:4)
  A water moccasin skeleton (D:7)
  10 killer bees
  2 howler monkeys (D:9)
  2 jellies (Lair:4)
  5 human zombies
  3 centaur zombies
  2 gnoll boudas
  13 orc priests
  4 hounds
  3 iguanas
  Natasha (twice) (D:4)
  17 orc wizards
  4 hell rats (Lair:5)
  3 killer bee zombies (D:7)
  4 hound zombies (Ossuary)
  2 mummies (Ossuary)
  Robin (D:4)
  A howler monkey zombie (D:7)
  24 gnolls
  A howler monkey skeleton (D:7)
  7 adders
  A shadow imp (D:6)
  3 white imps
  5 ufetubi
  4 adder zombies (Ossuary)
  A dart slug (D:1)
  A ribbon worm (D:4)
  70 orcs
  7 ball pythons
  A bat (D:1)
  7 endoplasms
  A giant cockroach (D:3)
  7 gnoll zombies (Ossuary)
  14 goblins
  11 hobgoblins
  6 jackals
  11 kobolds
  4 quokkas
  3 frilled lizards
  7 jackal zombies (Ossuary)
  7 kobold zombies (Ossuary)
  2 orc skeletons (D:5)
  4 orc zombies (Ossuary)
  6 rats
740 creatures vanquished.

Vanquished Creatures (collateral kills)
  A fire dragon (D:13)
  A great orb of eyes (Abyss:2)
  A centaur warrior (D:13)
  2 naga sharpshooters (Snake:2)
  Urug (D:11)
  A shock serpent (Snake:2)
  An orc knight (Orc:1)
  A necromancer (Lair:5)
  3 ugly things
  3 cyclopes
  A salamander (Snake:1)
  2 black mambas
  3 elephants (Lair:5)
  A naga mage (Snake:2)
  A gargoyle (D:10)
  A cane toad (Lair:2)
  3 komodo dragons
  An unseen horror (D:11)
  An efreet (D:14)
  A hornet (Lair:1)
  6 blink frogs
  A slime creature (D:14)
  8 yaks
  4 humans
  A wraith (D:13)
  A golden eye (Abyss:2)
  A vampire mosquito (D:14)
  3 nagas
  An acid dragon (D:9)
  A water moccasin (Lair:4)
  4 orc warriors
  A laughing skull (Abyss:2)
  An ogre (Orc:2)
  5 centaurs
  3 bullfrogs
  A small abomination (Abyss:2)
  3 wights (D:8)
  A centaur zombie (D:7)
  3 orc priests
  A jelly (Lair:4)
  4 orc wizards
  2 hell rats (Lair:5)
  An ufetubus (D:7)
  10 orcs
  A goblin (D:8)
98 creatures vanquished.

Vanquished Creatures (others)
  A shadow wraith (Abyss:2)
  17 hexers
18 creatures vanquished.

Grand Total: 856 creatures vanquished

Notes
Turn   | Place    | Note
-------+----------+-------------------------------------------
     0 | D:1      | Implojin the Coglin Brigand began the quest for the Orb.
     0 | D:1      | Reached XP level 1. HP: 16/16 MP: 1/1
   157 | D:1      | Reached XP level 2. HP: 22/22 MP: 2/2
   515 | D:1      | Reached XP level 3. HP: 21/27 MP: 3/3
  1343 | D:2      | Found a transporter.
  1343 | D:2      | Found Miecueh's Book Emporium.
  1564 | D:2      | Found a shimmering altar of Xom.
  1624 | D:2      | Found a faded altar of an unknown god.
  1668 | D:2      | Reached XP level 4. HP: 20/33 MP: 4/4
  1819 | D:2      | Found a transporter.
  2122 | D:2      | Reached XP level 5. HP: 41/41 MP: 5/5
  2475 | D:2      | Found a transporter.
  2478 | D:2      | Found Miecueh's Book Emporium.
  2539 | D:2      | Found a faded altar of an unknown god.
  2582 | D:2      | Found a shimmering altar of Xom.
  2920 | D:2      | Found a transporter.
  3295 | D:3      | You fall into a shaft and drop 3 floors!
  3316 | D:5      | Entered Level 5 of the Dungeon
  3356 | D:5      | Reached XP level 6. HP: 47/47 MP: 6/6
  3356 | D:5      | Noticed Grinder
  3475 | D:5      | Noticed Pikel
  3517 | D:5      | Killed Pikel
  3518 | D:5      | Reached XP level 7. HP: 18/52 MP: 7/7
  3655 | D:5      | Reached skill level 5 in Stealth
  3663 | D:5      | Found a sand-covered staircase.
  3694 | D:5      | Reached XP level 8. HP: 48/58 MP: 8/8
  3731 | Ossuary  | Entered an ossuary
  4006 | Ossuary  | Reached skill level 5 in Short Blades
  4650 | D:4      | Found a basalt altar of Yredelemnul.
  4665 | D:4      | Noticed Robin
  4852 | D:4      | Noticed Natasha
  4855 | D:4      | Killed Natasha
  4914 | D:3      | Found an ornate altar of the Wu Jian Council.
  5226 | D:3      | Found a hazy altar of Hepliaklqana.
  5235 | D:3      | Found an opulent altar of Gozag.
  5748 | D:3      | Became a worshipper of Hepliaklqana the Forgotten
  5821 | D:4      | Noticed Eustachio
  5827 | D:4      | Killed Eustachio
  5828 | D:4      | Noticed Natasha
  5846 | D:4      | Killed Natasha
  5866 | D:4      | Found a staircase to the Ecumenical Temple.
  5923 | D:4      | Reached skill level 1 in Dodging
  5932 | D:4      | Found a sparkling altar of Nemelex Xobeh.
  5973 | D:4      | Reached skill level 2 in Dodging
  5990 | D:4      | Reached XP level 9. HP: 59/63 MP: 9/9
  6040 | D:4      | Reached skill level 3 in Dodging
  6127 | D:4      | Killed Robin
  6404 | D:4      | Noticed Dowan
  6408 | D:4      | Noticed Duvessa
  6413 | D:4      | Noticed Edmund
  6417 | D:4      | Killed Duvessa
  6418 | D:4      | Reached skill level 4 in Dodging
  6559 | D:5      | Noticed Menkaure
  6576 | D:5      | Killed Menkaure
  7000 | D:4      | Killed Edmund
  7002 | D:4      | Killed Dowan
  7003 | D:4      | Reached skill level 5 in Dodging
  7184 | D:4      | Noticed Natasha
  8324 | D:6      | Reached * piety under Hepliaklqana
  8759 | D:6      | Found a burning altar of Makhleb.
  8869 | D:7      | Noticed Maurice
  8885 | D:7      | Killed Maurice
  9087 | D:7      | Reached XP level 10. HP: 49/63 MP: 10/10
  9604 | D:7      | Reached ** piety under Hepliaklqana
  9605 | D:7      | Remembered your ancestor c r a b as a hexer
  9730 | D:7      | Found an ancient bone altar of Kikubaaqudgha.
  9791 | D:7      | Reached skill level 10 in Short Blades
 10168 | D:8      | Killed Grinder
 10169 | D:8      | Reached skill level 5 in Fighting
 10632 | D:8      | Found an iron altar of Okawaru.
 10776 | D:9      | Got the Elucidation of the Wendigo and Conflict
 10892 | D:9      | Noticed Erica
 10927 | D:9      | Found a staircase to the Lair.
 10996 | D:9      | a tengu changed into a water nymph
 10996 | D:9      | Noticed a water nymph (shapeshifter)
 11009 | D:9      | a blink frog changed into a meliai
 11009 | D:9      | Noticed a meliai (shapeshifter)
 11017 | D:9      | a meliai changed into a salamander
 11017 | D:9      | Noticed a salamander (shapeshifter)
 11022 | D:9      | Killed a salamander
 11023 | D:9      | Reached XP level 11. HP: 40/72 MP: 11/11
 11581 | D:9      | Reached *** piety under Hepliaklqana
 11797 | D:10     | Entered Level 10 of the Dungeon
 11860 | D:10     | Found a staircase to the Orcish Mines.
 12061 | D:10     | Reached skill level 6 in Dodging
 12609 | D:10     | Noticed Erolcha
 12622 | D:10     | Killed Erolcha
 12623 | D:10     | Reached skill level 7 in Dodging
 13090 | D:11     | Noticed Grum
 13101 | D:11     | Killed Grum
 13167 | D:11     | Reached **** piety under Hepliaklqana
 13167 | D:11     | Noticed Urug
 13179 | D:11     | Killed Urug
 13180 | D:11     | Reached skill level 8 in Dodging
 13554 | D:11     | Noticed a cyclops
 13565 | D:11     | Killed a cyclops
 13566 | D:11     | Reached skill level 9 in Dodging
 13660 | D:11     | Noticed Nergalle
 13815 | D:11     | Reached XP level 12. HP: 73/74 MP: 12/12
 14071 | D:11     | Killed Nergalle
 14177 | D:11     | Reached skill level 10 in Dodging
 14431 | Lair:1   | Entered Level 1 of the Lair of Beasts
 14663 | Lair:1   | Reached ***** piety under Hepliaklqana
 14898 | Lair:1   | You fall into a shaft and drop 1 floor!
 15189 | Lair:2   | Reached skill level 10 in Fighting
 15211 | Lair:2   | Identified the +8 war axe "Unefasaf" {speed, rN+ Int+3}
 15315 | Lair:2   | Found a staircase to the Shoals.
 15628 | Lair:2   | Reached XP level 13. HP: 85/92 MP: 13/13
 17006 | Lair:3   | Found a staircase to the Snake Pit.
 17035 | Lair:3   | Reached skill level 11 in Dodging
 17316 | Lair:3   | Paralysed by a hornet for 2 turns
 17815 | Lair:3   | Reached skill level 12 in Dodging
 18281 | Lair:4   | Found a staircase to the Slime Pits.
 18476 | Lair:4   | Reached skill level 13 in Dodging
 18476 | Lair:4   | Reached XP level 14. HP: 99/99 MP: 14/14
 18476 | Lair:4   | Acquired a tuning turbine {Gadgeteer, rPois rF+ rCorr}
 18598 | Lair:4   | Found a transporter.
 18600 | Lair:4   | Noticed Pokonic1's ghost (journeyman DrSh)
 18690 | Lair:4   | Found a transporter.
 18909 | Lair:5   | Entered Level 5 of the Lair of Beasts
 19793 | Lair:4   | Reached skill level 14 in Dodging
 19793 | Lair:4   | Reached skill level 1 in Armour
 20031 | Lair:5   | Reached skill level 5 in Armour
 20310 | Lair:5   | Reached ****** piety under Hepliaklqana
 20610 | Lair:5   | Noticed a dire elephant
 21257 | Lair:5   | Killed a dire elephant
 21736 | D:9      | Killed Erica
 21902 | D:12     | Reached XP level 15. HP: 102/103 MP: 15/15
 22269 | D:13     | Noticed Nessos
 22287 | D:12     | Killed Nessos
 22288 | D:12     | Reached skill level 1 in Invocations
 22641 | D:13     | Found a gate to the Vaults.
 23002 | D:13     | Reached skill level 5 in Invocations
 23075 | D:13     | Noticed Denfromweb's ghost (journeyman DgHu)
 23078 | D:13     | Found a transporter.
 23081 | D:13     | Found a transporter.
 24853 | D:14     | Found a radiant altar of Vehumet.
 25233 | D:15     | Entered Level 15 of the Dungeon
 25736 | D:15     | Found a staircase to the Depths.
 25745 | D:15     | Reached skill level 10 in Armour
 26015 | D:15     | Reached XP level 16. HP: 98/109 MP: 22/22
 26518 | D:15     | Noticed Agnes
 26537 | D:15     | Killed Agnes
 26938 | Orc:1    | Entered Level 1 of the Orcish Mines
 27095 | Orc:1    | Found Ippy's Overcharged Wands.
 27161 | Orc:1    | Found a roughly hewn altar of Beogh.
 27620 | Orc:2    | Entered Level 2 of the Orcish Mines
 27656 | Orc:2    | Noticed Jorgrun
 27674 | Orc:2    | Killed Jorgrun
 27838 | Orc:2    | Found a staircase to the Elven Halls.
 29106 | Orc:2    | Found Fubo's Antique Armour Shop.
 29106 | Orc:2    | Found Pocucene's Magic Scroll Emporium.
 29108 | Orc:2    | Found Zosuk's Weapon Shoppe.
 29110 | Orc:2    | Found Ommediub's Book Boutique.
 29125 | Orc:2    | Bought a scroll of teleportation for 39 gold pieces
 29125 | Orc:2    | Bought a scroll of teleportation for 39 gold pieces
 29125 | Orc:2    | Bought a scroll of fog for 52 gold pieces
 29125 | Orc:2    | Bought a scroll of revelation for 97 gold pieces
 29125 | Orc:2    | Bought a scroll of torment for 123 gold pieces
 29133 | Orc:2    | Bought the +8 pair of quick blades "Gyre" and "Gimble"
                  | {protect} for 845 gold pieces
 29133 | Orc:2    | Found the +8 pair of quick blades "Gyre" and "Gimble"
                  | {protect}
 29136 | Orc:2    | Bought a runed ring mail for 245 gold pieces
 29212 | Orc:1    | Bought a wand of paralysis (18) for 648 gold pieces
 29349 | D:4      | Found a basalt altar of Yredelemnul.
 29560 | D:4      | Found a sparkling altar of Nemelex Xobeh.
 29639 | D:4      | Found a staircase to the Ecumenical Temple.
 30287 | D:4      | Found a basalt altar of Yredelemnul.
 30330 | D:4      | Found a staircase to the Ecumenical Temple.
 30507 | D:4      | Found a sparkling altar of Nemelex Xobeh.
 31830 | D:6      | Found a burning altar of Makhleb.
 32530 | D:7      | Found an ancient bone altar of Kikubaaqudgha.
 32830 | D:13     | Killed Denfromweb's ghost
 33236 | Abyss:2  | Cast into level 2 of the Abyss (Pokonic1's ghost)
 33535 | Abyss:2  | Reached skill level 10 in Stealth
 33814 | Abyss:2  | Noticed a tentacled monstrosity
 33822 | Abyss:2  | Killed a tentacled monstrosity
 33825 | Lair:4   | Escaped the Abyss
 34081 | Lair:4   | Identified the ring "Ketab" {Will+ AC+4 Str+4}
 34098 | Lair:4   | Banished Pokonic1's ghost
 34167 | Snake:1  | Entered Level 1 of the Snake Pit
 34557 | Snake:1  | Reached XP level 17. HP: 111/115 MP: 23/23
 35023 | Snake:1  | Reached skill level 15 in Dodging
 35478 | Snake:2  | Found Sinedid's Book Shop.
 35478 | Snake:2  | Found Poolont's Jewellery Shoppe.
 35479 | Snake:2  | Found Wadd's Jewellery Shoppe.
 35534 | Snake:2  | Killed from afar by an ice statue

Illustrated notes

Levels and vault maps discovered:
D:1:      psy_arrival_statuary, layout_basic, minivault_11,
          minmay_small_reverse_x
D:2:      layout_loops_ring, hellmonk_ecumenical_altar_arch_garden, basic_altar,
          serial_shops, nicolae_shop_drivethru, kennysheep_generic_room_14
D:3:      minmay_door_path, layout_basic, nicolae_wu_jian_wuxing_cycle,
          mainiacjoe_overflow_swirl
D:4:      layout_basic, mainiacjoe_overflow_surrounded_room,
          nicolae_overflow_hidden_temple, lemuel_coloured_pillars_altar,
          minmay_temple_entry_offerings, nicolae_grassy_gnolls, uniq_natasha,
          uniq_robin, uniq_duvessa, uniq_eustachio, uniq_edmund
D:5:      layout_loops_ring, nicolae_ossuary_entry_catacombs, minmay_holes,
          uniq_menkaure, uniq_grinder, uniq_pikel
D:6:      layout_rooms, mainiacjoe_overflow_alcove_2
D:7:      layout_loops_ring, lemuel_mausoleum_altar_kikubaaqudgha,
          serial_park_tiny_pond, uniq_maurice
D:8:      layout_cave_pools, okawaru_altar_gauntlet_db, minmay_misc_feat_hallway
D:9:      layout_roguey, lair_entry_dummy, minmay_alternating_orb, uniq_erica
D:10:     layout_basic, hiddenorc2_lemuel, kennysheep_generic_room_11,
          uniq_erolcha
D:11:     layout_irregular_city, serial_glass, glass_columns_c, glass_columns_a,
          uniq_urug, uniq_nergalle, uniq_grum
D:12:     layout_rooms, minmay_misc_feat_rows
D:13:     layout_rooms, david_vaults_3, gammafunk_ghost_arena
D:14:     layout_stronghold, nicolae_vehumet_altar_sigil
D:15:     hangedman_depths_entry_civil_slaughter, layout_grid_maze,
          minmay_strange_pillars, uniq_agnes
Lair:1:   layout_hall_layers, nzn_random_ring, infiniplex_staircase_pool_2
Lair:2:   layout_gridlike, mainiacjoe_shoals_entry_four_pools
Lair:3:   layout_gridlike, guppyfry_snake_entry_island, dreamdust_wasp_nest
Lair:4:   layout_roguey, slime_entry_2, gammafunk_ghost_berserking_beasts,
          kennysheep_catoblepas_arena
Lair:5:   due_jungle_book, layout_small_grid, serial_bayou_shore_b
Snake:1:  layout_misc_corridors
Snake:2:  layout_rooms, portal_ice_cave_entry_ice_statue_two,
          dpeg_stationary_puzzle, grunt_megastairs_1, minmay_shop_grove
Orc:1:    layout_caves, basic_altar, nicolae_shop_overcharged_wands
Orc:2:    st_orc_rangers, layout_diamond_mine, uniq_jorgrun

Skill      XL: |  1  2  3  4  5  6  7  8  9 10 11 12 13 14 15 16 17 |
---------------+----------------------------------------------------+-----
Short Blades   | 2 3 4 7 9 11 12 13 14 | 14.0
Fighting       | 3 6 10 | 10.0
Throwing       | 3 |  3.0
Evocations     | 2 6 7 |  7.0
Stealth        | 4 5 11 | 11.0
Dodging        | 2 5 9 10 13 14 15 | 15.7
Armour         | 8 10 | 10.0
Invocations    | 8 |  8.0

Action                     |  1- 3 |  4- 6 |  7- 9 | 10-12 | 13-15 | 16-18 || total
---------------------------+-------+-------+-------+-------+-------+-------++-------
  Melee: Dagger            |    78 |    78 |   296 |       |       |       ||   452
         Short sword       |    71 |    77 |   373 |   370 |   722 |   400 ||  2013
         Rapier            |       |       |   122 |   410 |   749 |   438 ||  1719
         Pair of quick bla |       |       |       |       |       |   246 ||   246
  Throw: Dart              |     6 |    17 |     6 |       |     2 |     2 ||    33
         Stone             |       |       |     6 |       |       |       ||     6
         Throwing net      |       |       |       |       |       |     1 ||     1
 Invoke: Recall Ancestor   |       |       |     1 |     2 |     6 |     4 ||    13
         Ancestor Identity |       |       |     1 |       |       |       ||     1
         Ancestor Life: He |       |       |       |     1 |       |       ||     1
         Idealise          |       |       |       |       |       |     2 ||     2
Ability: Invent Gizmo      |       |       |       |       |     1 |       ||     1
  Evoke: Wand              |       |     5 |    17 |    13 |     6 |    20 ||    61
    Use: Scroll            |     3 |     5 |     5 |     7 |    10 |     8 ||    38
         Potion            |     1 |     1 |       |     2 |       |     8 ||    12
   Stab: Sleeping          |    10 |     3 |    15 |     9 |     5 |     3 ||    45
         Invisible         |       |     2 |       |     3 |     2 |     5 ||    12
         Distracted        |       |       |       |    15 |    19 |     7 ||    41
         Confused          |       |       |       |    17 |    23 |     9 ||    49
         Petrifying        |       |       |       |       |     2 |       ||     2
         Paralysed         |       |       |       |       |    18 |    34 ||    52
 Armour: Robe              |    44 |       |       |       |       |       ||    44
         Leather armour    |       |    30 |       |       |       |       ||    30
         Ring mail         |       |    17 |   314 |   202 |   444 |   286 ||  1263
  Dodge: Dodged            |    29 |    37 |   260 |   226 |   610 |   397 ||  1559

Table legend: (Time is in decaauts)
 A = Elapsed time spent in this place.
 B = Non-inter-level travel time spent in this place.
 C = Inter-level travel time spent in this place.
 D = Time resting spent in this place.
 E = Time spent auto-exploring this place.
 F = Levels seen in this place.
 G = Mean time per level.
                   A        B        C        D        E       F      G
               +--------+--------+--------+--------+--------+-----+--------+
         Total |  34623 |  32510 |   2113 |   3384 |  22020 |  26 | 1331.7 |
       Dungeon |  22462 |  21060 |   1402 |   1590 |  15658 |  15 | 1497.5 |
          Lair |   7460 |   6886 |    574 |   1092 |   4106 |   5 | 1492.0 |
     Snake Pit |   1305 |   1291 |     14 |     53 |    803 |   2 |  652.5 |
  Orcish Mines |   2204 |   2082 |    122 |    169 |   1453 |   2 | 1102.0 |
         Abyss |    532 |    532 |      0 |    243 |      0 |   1 |  532.0 |
       Ossuary |    658 |    658 |      0 |    237 |      0 |   1 |  658.0 |
               +--------+--------+--------+--------+--------+-----+--------+

Top non-repeatable levels by time:
     D:5: 2761 daAuts
     D:4: 2701 daAuts
  Lair:5: 2032 daAuts
     D:7: 1903 daAuts
  Lair:4: 1610 daAuts
    D:10: 1595 daAuts
     D:2: 1590 daAuts
    D:15: 1544 daAuts
   Orc:2: 1513 daAuts
  Lair:1: 1385 daAuts
    D:14: 1371 daAuts
     D:1: 1350 daAuts
    D:12: 1321 daAuts
     D:3: 1264 daAuts
  Lair:2: 1235 daAuts
